[ AOE2 MATCH · #506430041 ]
UnrankedMalians vs Huns
Player's team · WIN
Rival team · LOSS
[ REPLAY ANALYSIS · EXTRACTED FROM THE RECORDED GAME ]
Feudal
11:04
Castle
21:01
Imperial
—
| APM avg | 62.0 |
| APM peak | 113 |
| eAPM avg | 26.5 |
| Villagers / military | 60 / 43 |
Focus
⚔️ 44.1% · 🌾 55.9%
Archer ×35 · Militia ×5 · Skirmisher ×3
Feudal
8:51
Castle
—
Imperial
—
| APM avg | 41.6 |
| APM peak | 79 |
| eAPM avg | 16.8 |
| Villagers / military | 50 / 24 |
Focus
⚔️ 33.6% · 🌾 66.4%
Archer ×18 · Scout Cavalry ×4 · Spearman ×2
Match map
Initial resources + every placement click. Lines = walls · curves = elevation contours. ◆ gold · ⬟ stone · ● berries · ✦ relic · ◌ wall gap
Your base· ✓ Closed at 21:01 · 83t walls · no gate
PhishStickPhilanthropist's base· ✓ Closed at 20:23 · 64t walls · no gate
Smoothed initial terrain · ◌ = detected wall gap · hover for details
Inputs per minute
— Chagas - - PhishStickPhilanthropist
Build order — Chagas
First 150 of 173 actions detected
| 0:01 | Queue | Villager (Male) |
| 0:01 | Queue | Villager (Male) |
| 0:02 | Queue | Villager (Male) |
| 0:03 | Build | House |
| 0:03 | Queue | Villager (Male) |
| 0:05 | Build | House |
| 1:24 | Queue | Villager (Male) |
| 1:24 | Queue | Villager (Male) |
| 1:49 | Build | Lumber Camp |
| 1:49 | Queue | Villager (Male) |
| 1:50 | Queue | Villager (Male) |
| 2:25 | Queue | Villager (Male) |
| 2:26 | Queue | Villager (Male) |
| 2:53 | Queue | Villager (Male) |
| 2:53 | Queue | Villager (Male) |
| 3:31 | Queue | Villager (Male) |
| 3:31 | Queue | Villager (Male) |
| 3:52 | Build | House |
| 4:02 | Queue | Villager (Male) |
| 4:03 | Queue | Villager (Male) |
| 4:30 | Build | Barracks |
| 5:02 | Queue | Villager (Male) |
| 5:03 | Queue | Villager (Male) |
| 5:24 | Build | Mill |
| 5:27 | Queue | Militia |
| 5:28 | Queue | Militia |
| 5:31 | Build | House |
| 5:44 | Queue | Militia |
| 5:44 | Queue | Militia |
| 5:48 | Queue | Militia |
| 5:55 | Build | Palisade Wall |
| 6:06 | Queue | Villager (Male) |
| 6:45 | Queue | Villager (Male) |
| 6:45 | Queue | Villager (Male) |
| 7:31 | Queue | Villager (Male) |
| 7:31 | Queue | Villager (Male) |
| 7:31 | Queue | Villager (Male) |
| 7:31 | Queue | Villager (Male) |
| 7:40 | Build | Farm |
| 7:41 | Build | Farm |
| 7:43 | Queue | Villager (Male) |
| 7:43 | Queue | Villager (Male) |
| 8:05 | Research | Loom |
| 8:05 | Research | Loom |
| 8:14 | Build | House |
| 8:44 | Build | Mining Camp |
| 8:54 | Research | Feudal Age |
| 8:55 | Research | Feudal Age |
| 9:03 | Build | Lumber Camp |
| 9:36 | Build | Palisade Wall |
| 9:41 | Build | Palisade Wall |
| 9:42 | Build | Palisade Wall |
| 9:45 | Queue | Villager (Male) |
| 9:50 | Build | Palisade Wall |
| 9:52 | Queue | Villager (Male) |
| 10:40 | Build | Palisade Wall |
| 11:04 | Age | Feudal Age |
| 11:09 | Build | Archery Range |
| 11:11 | Research | Man-at-Arms (upgrade) |
| 11:14 | Research | Double-Bit Axe |
| 11:14 | Research | Double-Bit Axe |
| 11:26 | Build | House |
| 11:41 | Queue | Villager (Male) |
| 11:47 | Build | House |
| 11:50 | Queue | Villager (Male) |
| 11:57 | Queue | Skirmisher |
| 11:57 | Queue | Skirmisher |
| 12:03 | Queue | Skirmisher |
| 12:09 | Queue | Villager (Male) |
| 12:12 | Build | Farm |
| 12:13 | Build | Farm |
| 12:31 | Build | Palisade Wall |
| 12:34 | Queue | Archer |
| 12:36 | Queue | Villager (Male) |
| 12:46 | Queue | Villager (Male) |
| 13:15 | Build | Palisade Wall |
| 13:21 | Queue | Archer |
| 13:25 | Queue | Villager (Male) |
| 13:29 | Build | Palisade Wall |
| 13:32 | Build | Palisade Wall |
| 13:33 | Build | Palisade Wall |
| 13:51 | Queue | Villager (Male) |
| 13:59 | Queue | Villager (Male) |
| 14:13 | Queue | Villager (Male) |
| 14:16 | Queue | Villager (Male) |
| 14:18 | Build | Farm |
| 14:19 | Build | Farm |
| 14:20 | Queue | Villager (Male) |
| 14:25 | Queue | Villager (Male) |
| 14:50 | Queue | Villager (Male) |
| 14:54 | Build | Mining Camp |
| 14:57 | Build | Archery Range |
| 15:01 | Queue | Villager (Male) |
| 15:01 | Queue | Archer |
| 15:01 | Queue | Archer |
| 15:04 | Build | Farm |
| 15:06 | Build | Farm |
| 15:09 | Queue | Villager (Male) |
| 15:13 | Build | Palisade Wall |
| 15:19 | Queue | Villager (Male) |
| 15:28 | Queue | Villager (Male) |
| 15:38 | Queue | Villager (Male) |
| 15:42 | Build | Blacksmith |
| 15:59 | Queue | Villager (Male) |
| 15:59 | Queue | Villager (Male) |
| 16:02 | Build | Farm |
| 16:20 | Queue | Archer |
| 16:24 | Queue | Archer |
| 16:27 | Build | House |
| 16:31 | Build | Farm |
| 16:35 | Build | Farm |
| 16:37 | Build | Farm |
| 17:02 | Queue | Villager (Male) |
| 17:13 | Build | Farm |
| 17:13 | Build | Farm |
| 17:14 | Queue | Villager (Male) |
| 17:15 | Queue | Archer |
| 17:15 | Queue | Archer |
| 17:28 | Build | Farm |
| 17:29 | Queue | Archer |
| 17:29 | Queue | Archer |
| 17:33 | Queue | Villager (Male) |
| 17:43 | Queue | Archer |
| 17:48 | Build | House |
| 18:14 | Build | House |
| 18:17 | Build | House |
| 18:21 | Research | Castle Age |
| 18:21 | Research | Castle Age |
| 18:40 | Queue | Archer |
| 18:41 | Queue | Archer |
| 18:47 | Queue | Archer |
| 18:48 | Queue | Archer |
| 19:01 | Research | Fletching |
| 19:06 | Queue | Archer |
| 19:06 | Queue | Archer |
| 19:18 | Queue | Archer |
| 19:21 | Queue | Villager (Male) |
| 19:22 | Queue | Archer |
| 19:32 | Queue | Villager (Male) |
| 19:33 | Queue | Archer |
| 19:33 | Queue | Archer |
| 19:47 | Research | Gold Mining |
| 19:47 | Research | Gold Mining |
| 19:57 | Queue | Archer |
| 20:18 | Build | House |
| 20:30 | Build | Palisade Wall |
| 20:49 | Build | Palisade Wall |
| 20:51 | Build | Palisade Wall |
| 21:01 | Age | Castle Age |
| 21:04 | Research | Bodkin Arrow |
Build order — PhishStickPhilanthropist
145 actions detected in the replay
| 0:01 | Queue | Villager (Male) |
| 0:02 | Queue | Villager (Male) |
| 0:09 | Queue | Villager (Male) |
| 0:09 | Queue | Villager (Male) |
| 1:18 | Queue | Villager (Male) |
| 1:18 | Queue | Villager (Male) |
| 1:45 | Queue | Villager (Male) |
| 1:46 | Queue | Villager (Male) |
| 2:01 | Build | Mill |
| 2:23 | Queue | Villager (Male) |
| 2:23 | Queue | Villager (Male) |
| 2:54 | Queue | Villager (Male) |
| 2:56 | Queue | Villager (Male) |
| 3:43 | Queue | Villager (Male) |
| 3:44 | Queue | Villager (Male) |
| 3:51 | Queue | Villager (Male) |
| 3:52 | Queue | Villager (Male) |
| 4:03 | Queue | Villager (Male) |
| 5:01 | Queue | Villager (Male) |
| 5:26 | Build | Palisade Wall |
| 5:40 | Queue | Villager (Male) |
| 5:56 | Build | Lumber Camp |
| 6:04 | Research | Loom |
| 6:38 | Research | Feudal Age |
| 6:57 | Queue | Villager (Male) |
| 7:13 | Build | Palisade Wall |
| 7:16 | Build | Palisade Wall |
| 7:24 | Build | Palisade Wall |
| 7:25 | Build | Palisade Wall |
| 7:26 | Queue | Villager (Male) |
| 8:07 | Build | Barracks |
| 8:21 | Build | Palisade Wall |
| 8:27 | Build | Palisade Wall |
| 8:30 | Build | Palisade Wall |
| 8:33 | Build | Palisade Wall |
| 8:37 | Build | Palisade Wall |
| 8:40 | Build | Palisade Wall |
| 8:47 | Build | Mining Camp |
| 8:51 | Age | Feudal Age |
| 9:01 | Research | Double-Bit Axe |
| 9:04 | Queue | Villager (Male) |
| 9:27 | Queue | Villager (Male) |
| 9:45 | Queue | Villager (Male) |
| 9:57 | Build | Archery Range |
| 10:03 | Queue | Spearman |
| 10:05 | Queue | Villager (Male) |
| 10:11 | Build | Palisade Wall |
| 10:16 | Queue | Villager (Male) |
| 10:19 | Queue | Spearman |
| 10:30 | Queue | Villager (Male) |
| 10:34 | Research | Horse Collar |
| 10:45 | Queue | Archer |
| 10:45 | Queue | Archer |
| 11:03 | Queue | Archer |
| 11:11 | Build | Palisade Wall |
| 11:12 | Queue | Villager (Male) |
| 11:20 | Build | Farm |
| 11:22 | Queue | Archer |
| 11:22 | Queue | Archer |
| 11:32 | Build | Farm |
| 11:33 | Queue | Villager (Male) |
| 11:39 | Build | Farm |
| 11:54 | Build | Farm |
| 11:54 | Queue | Archer |
| 12:17 | Build | Palisade Wall |
| 12:23 | Build | Palisade Wall |
| 12:25 | Build | Farm |
| 12:30 | Queue | Villager (Male) |
| 12:43 | Queue | Villager (Male) |
| 12:44 | Queue | Archer |
| 12:46 | Build | Farm |
| 12:47 | Build | Farm |
| 13:05 | Queue | Villager (Male) |
| 13:10 | Build | Farm |
| 13:20 | Build | Mill |
| 13:28 | Queue | Villager (Male) |
| 13:34 | Queue | Archer |
| 13:51 | Queue | Villager (Male) |
| 14:07 | Queue | Villager (Male) |
| 14:10 | Build | Blacksmith |
| 14:27 | Build | Farm |
| 14:29 | Build | Palisade Wall |
| 14:41 | Queue | Archer |
| 14:41 | Queue | Archer |
| 14:44 | Queue | Villager (Male) |
| 14:44 | Queue | Villager (Male) |
| 15:03 | Queue | Villager (Male) |
| 15:05 | Research | Fletching |
| 15:09 | Queue | Archer |
| 15:16 | Queue | Villager (Male) |
| 15:24 | Queue | Archer |
| 15:24 | Queue | Archer |
| 15:30 | Queue | Villager (Male) |
| 15:32 | Build | Farm |
| 15:44 | Queue | Villager (Male) |
| 15:47 | Queue | Villager (Male) |
| 15:53 | Build | Stable |
| 16:07 | Queue | Villager (Male) |
| 16:07 | Queue | Villager (Male) |
| 16:12 | Queue | Archer |
| 16:27 | Build | Palisade Wall |
| 16:30 | Queue | Villager (Male) |
| 16:36 | Build | Farm |
| 16:36 | Build | Farm |
| 16:36 | Build | Farm |
| 16:37 | Build | Farm |
| 16:37 | Build | Farm |
| 16:37 | Build | Farm |
| 16:44 | Build | Palisade Wall |
| 16:46 | Build | Palisade Wall |
| 16:55 | Queue | Scout Cavalry |
| 17:01 | Queue | Villager (Male) |
| 17:05 | Build | Lumber Camp |
| 17:17 | Queue | Archer |
| 17:18 | Queue | Villager (Male) |
| 17:34 | Queue | Scout Cavalry |
| 17:35 | Queue | Villager (Male) |
| 17:37 | Queue | Archer |
| 17:48 | Build | Lumber Camp |
| 17:57 | Queue | Villager (Male) |
| 18:04 | Build | Palisade Gate |
| 18:06 | Build | Palisade Wall |
| 18:07 | Build | Palisade Wall |
| 18:43 | Build | Farm |
| 18:48 | Build | Farm |
| 18:48 | Build | Farm |
| 18:49 | Build | Farm |
| 19:35 | Queue | Villager (Male) |
| 19:47 | Build | Market |
| 20:23 | Research | Castle Age |
| 20:41 | Build | Stable |
| 20:43 | Build | Stable |
| 20:51 | Queue | Archer |
| 20:52 | Queue | Archer |
| 20:56 | Research | Bloodlines |
| 21:15 | Build | Farm |
| 21:16 | Build | Farm |
| 21:20 | Build | Farm |
| 21:22 | Build | Farm |
| 21:23 | Build | Farm |
| 21:29 | Research | Scale Barding Armor |
| 21:54 | Build | Watch Tower |
| 22:10 | Queue | Scout Cavalry |
| 22:12 | Queue | Scout Cavalry |
| 22:13 | Research | Forging |
Match timeline
| 4:30 | Chagas · first_building Barracks |
| 5:26 | PhishStickPhilanthropist · wall_segment Palisade Wall x1 |
| 5:55 | Chagas · wall_segment Palisade Wall x10 |
| 7:13 | PhishStickPhilanthropist · wall_segment Palisade Wall x1 |
| 7:16 | PhishStickPhilanthropist · wall_segment Palisade Wall x1 |
| 7:24 | PhishStickPhilanthropist · wall_segment Palisade Wall x1 |
| 7:25 | PhishStickPhilanthropist · wall_segment Palisade Wall x1 |
| 8:07 | PhishStickPhilanthropist · first_building Barracks |
| 8:21 | PhishStickPhilanthropist · wall_segment Palisade Wall x1 |
| 8:27 | PhishStickPhilanthropist · wall_segment Palisade Wall x1 |
| 8:30 | PhishStickPhilanthropist · wall_segment Palisade Wall x1 |
| 8:33 | PhishStickPhilanthropist · wall_segment Palisade Wall x1 |
| 8:37 | PhishStickPhilanthropist · wall_segment Palisade Wall x1 |
| 8:40 | PhishStickPhilanthropist · wall_segment Palisade Wall x1 |
| 8:51 | PhishStickPhilanthropist · age_up feudal |
| 9:36 | Chagas · wall_segment Palisade Wall x4 |
| 9:41 | Chagas · wall_segment Palisade Wall x8 |
| 9:42 | Chagas · wall_segment Palisade Wall x6 |
| 9:50 | Chagas · wall_segment Palisade Wall x7 |
| 9:57 | PhishStickPhilanthropist · first_building Archery Range |
| 10:11 | PhishStickPhilanthropist · wall_segment Palisade Wall x18 |
| 10:40 | Chagas · wall_segment Palisade Wall x14 |
| 11:04 | Chagas · age_up feudal |
| 11:09 | Chagas · first_building Archery Range |
| 11:11 | PhishStickPhilanthropist · wall_segment Palisade Wall x13 |
| 12:17 | PhishStickPhilanthropist · wall_segment Palisade Wall x1 |
| 12:23 | PhishStickPhilanthropist · wall_segment Palisade Wall x1 |
| 12:31 | Chagas · wall_segment Palisade Wall x8 |
| 13:15 | Chagas · wall_segment Palisade Wall x10 |
| 13:29 | Chagas · wall_segment Palisade Wall x7 |
| 13:32 | Chagas · wall_segment Palisade Wall x6 |
| 13:33 | Chagas · wall_segment Palisade Wall x5 |
| 14:29 | PhishStickPhilanthropist · wall_segment Palisade Wall x1 |
| 15:13 | Chagas · wall_segment Palisade Wall x1 |
| 15:53 | PhishStickPhilanthropist · first_building Stable |
| 16:27 | PhishStickPhilanthropist · wall_segment Palisade Wall x12 |
| 16:44 | PhishStickPhilanthropist · wall_segment Palisade Wall x1 |
| 16:46 | PhishStickPhilanthropist · wall_segment Palisade Wall x1 |
| 18:06 | PhishStickPhilanthropist · wall_segment Palisade Wall x4 |
| 18:07 | PhishStickPhilanthropist · wall_segment Palisade Wall x1 |
| 20:30 | Chagas · wall_segment Palisade Wall x1 |
| 20:49 | Chagas · wall_segment Palisade Wall x1 |
| 20:51 | Chagas · wall_segment Palisade Wall x1 |
| 21:01 | Chagas · age_up castle |
| 21:32 | PhishStickPhilanthropist · first_market_buy 100 food |
| 22:38 | PhishStickPhilanthropist · resign |
[ AI ANALYSIS · 1 CREDIT ]
What really happened in this match?
Wolo.gg analyzes every decision: build order, eco, micro, common mistakes by bracket. Personalized analysis on WhatsApp or Discord in 30 seconds.
Civ guide
Malians
Perfil
Chagas